 Dungeon Crawl Stone Soup version 0.23.2-1-ga50397a (webtiles) character file.

Game seed: 11196812989728785741

739649 keltmir the Victor of a Thousand Battles (level 27, -5/222 HPs)
             Began as a Gnoll Skald on May 21, 2019.
             Was the Champion of Okawaru.
             Killed from afar by a hellion (22 damage)
             ... with damnation
             ... led by Yridisk
             ... on level 4 of the Dungeon on May 25, 2019.
             The game lasted 10:03:53 (103914 turns).

keltmir the Victor of a Thousand Battles (GnSk)   Turns: 103914, Time: 10:03:54

Health: -5/222     AC: 30    Str: 28    XL:     27
Magic:  58/60      EV: 26    Int: 14    God:    Okawaru [******]
Gold:   5279       SH: 13    Dex: 20    Spells: 7/65 levels left

rFire    + + .     SeeInvis .   b - +9 demon whip (elec)
rCold    + + +     Gourm    .   q - +3 warlock's mirror {reflect}
rNeg     + . .     Faith    .   a - +9 ice dragon scales
rPois    +         Spirit   .   (helmet restricted)
rElec    +         Reflect  +   j - scarf {rC+ rF+}
rCorr    +         Harm     .   w - +3 pair of gauntlets of War {Slay+5}
MR       +++++                  P - +2 pair of boots {run}
Stlth    +++.......             F - amulet "Xarorghepn" {RegenMP rElec MR++ Str+4 Stlth+}
HPRegen  1.47/turn              A - ring of Tewaxzutz {rF+ rN+ MP+9 Dex+3}
MPRegen  0.62/turn              g - ring "Kumiseta" {rCorr rF+ MR++}

@: about to teleport, regenerating, quick
A: distributed training, fangs 1, horns 1, talons 1, camouflage 1, deformed
body, dopey 1, high mp 1, poison resistance, MP-powered wands, strong nose
0: Orb of Zot
}: 5/15 runes: decaying, slimy, silver, abyssal, gossamer
a: Heroism, Finesse, Renounce Religion


You were on level 4 of the Dungeon.
You worshipped Okawaru.
Okawaru was exalted by your worship.
You were not hungry.

You visited 12 branches of the dungeon, and saw 58 of its levels.
You visited the Abyss 1 time.
You visited 1 bazaar.
You also visited: Trove, Ice Cave and Volcano.

You collected 10672 gold pieces.
You spent 5393 gold pieces at shops.

Inventory:

Hand Weapons
 b - a +9 demon whip of electrocution (weapon)
Missiles
 y - 14 tomahawks (quivered)
 B - 2 throwing nets
 L - 3 javelins
Armour
 a - +9 ice dragon scales (worn)
 f - a +2 helmet of see invisible
 j - a scarf of resistance (worn)
 q - the +3 warlock's mirror (worn) {reflect}
   (You found it on level 3 of the Elven Halls)
 w - the +3 pair of gauntlets of War (worn) {Slay+5}
   (You found it on level 3 of the Crypt)

   It affects your accuracy and damage with ranged weapons and melee attacks
   (+5).
 x - the +10 chain mail of Dishonesty {-Tele rF+ MR+++ Stlth+}
   (You found it on level 1 of the Abyss)

   It protects you from fire.
   It affects your resistance to hostile enchantments.
   It prevents most forms of teleportation.
   It makes you more stealthy.
 P - a +2 pair of boots of running (worn)
Jewellery
 g - the ring "Kumiseta" (right hand) {rCorr rF+ MR++}
   (You bought it in a shop on level 2 of the Vaults)

   [ring of resist corrosion]

   It protects you from fire.
   It affects your resistance to hostile enchantments.
 A - the ring of Tewaxzutz (left hand) {rF+ rN+ MP+9 Dex+3}
   (You took it off an ogre mage on level 5 of the Vaults)

   [ring of protection from fire]

   It affects your dexterity (+3).
   It protects you from fire.
   It protects you from negative energy.
   It affects your magic capacity (+9).
 F - the amulet "Xarorghepn" (around neck) {RegenMP rElec MR++ Str+4 Stlth+}
   (You found it on level 4 of the Realm of Zot)

   [amulet of magic regeneration]

   It increases your magic regeneration.
   It affects your strength (+4).
   It insulates you from electricity.
   It affects your resistance to hostile enchantments.
   It makes you more stealthy.
Wands
 k - a wand of flame (115)
 n - a wand of paralysis (50)
 z - a wand of disintegration (25)
 H - a wand of clouds (15)
 V - a wand of acid (44)
 X - a wand of digging (14)
 Y - a wand of iceblast (54)
Scrolls
 i - 4 scrolls of blinking
 r - 10 scrolls of fear
 t - 2 scrolls of fog
 E - 9 scrolls of identify
 G - 30 scrolls of remove curse
 M - 3 scrolls of silence
 R - a scroll of enchant armour
 S - 11 scrolls of amnesia
 W - 12 scrolls of teleportation
 Z - 4 scrolls of vulnerability
Potions
 e - 10 potions of curing
 h - 7 potions of agility
 l - 8 potions of lignification
 m - 6 potions of magic
 o - 5 potions of cancellation
 u - 9 potions of ambrosia
 v - a potion of flight
 C - 3 potions of invisibility
 D - 4 potions of brilliance
 J - 4 potions of mutation
 K - 4 potions of might
 N - 6 potions of resistance
 U - 4 potions of haste
Miscellaneous
 p - 4 phantom mirrors
 I - a phial of floods
Comestibles
 d - 72 rations


   Skills:
 + Level 19.5 Fighting
 + Level 19.1 Short Blades
 + Level 19.1 Long Blades
 + Level 19.1 Axes
 + Level 19.1 Maces & Flails
 + Level 19.5 Polearms
 + Level 19.1 Staves
 + Level 19.1 Slings
 + Level 19.1 Bows
 + Level 19.1 Crossbows
 + Level 19.1 Throwing
 + Level 19.2 Armour
 + Level 19.5 Dodging
 + Level 19.1 Stealth
 + Level 19.1 Shields
 + Level 19.1 Unarmed Combat
 + Level 19.5 Spellcasting
 + Level 16.5 Conjurations
 + Level 16.5 Hexes
 + Level 17.2 Charms
 + Level 16.5 Summonings
 + Level 16.5 Necromancy
 + Level 16.5 Translocations
 + Level 16.5 Transmutations
 + Level 16.5 Fire Magic
 + Level 16.5 Ice Magic
 + Level 16.5 Air Magic
 + Level 16.5 Earth Magic
 + Level 16.5 Poison Magic
 + Level 20.5 Invocations
 + Level 19.1 Evocations


You had 7 spell levels left.
You knew the following spells:

 Your Spells              Type           Power        Failure   Level  Hunger
a - Infusion              Chrm           ####         0%          1    None
b - Spectral Weapon       Hex/Chrm       ######..     1%          3    None
c - Regeneration          Chrm/Necr      ######....   1%          3    None
d - Confusing Touch       Hex            ######       0%          1    None
e - Apportation           Tloc           ######       0%          1    None
f - Slow                  Hex            ######..     0%          2    None
g - Tukima's Dance        Hex            ######..     1%          3    None
h - Portal Projectile     Hex/Tloc       ######       1%          3    None
i - Song of Slaying       Chrm           ######..     0%          2    None
j - Confuse               Hex            ######..     1%          3    None
k - Lesser Beckoning      Tloc           ######....   1%          3    None
l - Summon Lightning Spi  Summ/Air       ######..     1%          4    None
m - Blink                 Tloc           N/A          0%          2    None
n - Silence               Hex/Air        ######....   1%          5    ####...
o - Summon Mana Viper     Hex/Summ       ######..     1%          5    ####...
p - Summon Demon          Summ           ######....   1%          5    ####...
q - Invisibility          Hex            ######..     1%          6    #####..
r - Passage of Golubria   Tloc           N/A          1%          4    None
s - Passwall              Tmut/Erth      ######..     0%          2    None

Your spell library contained the following spells:

 Spells                   Type           Power        Failure   Level  Hunger
 Animate Skeleton         Necr           N/A          0%          1    None
 Beastly Appendage        Tmut           ######       0%          1    None
 Corona                   Hex            ######.      0%          1    None
 Flame Tongue             Conj/Fire      #####        0%          1    None
 Freeze                   Ice            ####         0%          1    None
 Magic Dart               Conj           ####         0%          1    None
 Pain                     Necr           ####         0%          1    None
 Sandblast                Erth           ######       0%          1    None
 Shock                    Conj/Air       ####         0%          1    None
 Sting                    Conj/Pois      ####         0%          1    None
 Summon Butterflies       Summ           ######..     0%          1    None
 Summon Small Mammal      Summ           ####         0%          1    None
 Call Imp                 Summ           ######..     0%          2    None
 Corpse Rot               Necr           N/A          0%          2    None
 Ensorcelled Hibernation  Hex/Ice        ######       0%          2    None
 Poisonous Vapours        Pois/Air       ######       0%          2    None
 Searing Ray              Conj           ######       0%          2    None
 Shroud of Golubria       Chrm/Tloc      ######....   0%          2    None
 Sticks to Snakes         Tmut           ######..     0%          2    None
 Swiftness                Chrm/Air       ######..     0%          2    None
 Throw Frost              Conj/Ice       ######       0%          2    None
 Call Canine Familiar     Summ           ######..     1%          3    None
 Conjure Flame            Conj/Fire      ######..     1%          3    None
 Dazzling Spray           Conj/Hex       ######       1%          3    None
 Ignite Poison            Fire/Tmut/Pois ######..     1%          3    None
 Inner Flame              Hex/Fire       ######..     1%          3    None
 Mephitic Cloud           Conj/Pois/Air  ######..     1%          3    None
 Ozocubu's Armour         Chrm/Ice       ######..     1%          3    None
 Recall                   Summ/Tloc      N/A          1%          3    None
 Spider Form              Tmut/Pois      ######....   1%          3    None
 Static Discharge         Conj/Air       ######..     1%          3    None
 Stone Arrow              Conj/Erth      ######       1%          3    None
 Vampiric Draining        Necr           ######....   1%          3    None
 Airstrike                Air            ######....   1%          4    None
 Animate Dead             Necr           N/A          1%          4    None
 Cause Fear               Hex            ######....   1%          4    None
 Force Lance              Conj/Tloc      ######..     1%          4    None
 Fulminant Prism          Conj/Hex       ######....   1%          4    None
 Ice Form                 Ice/Tmut       ######..     1%          4    None
 Iskenderun's Mystic Bla  Conj           ######..     1%          4    None
 Leda's Liquefaction      Hex/Erth       ######....   1%          4    None
 Olgreb's Toxic Radiance  Pois           ######..     1%          4    None
 Petrify                  Tmut/Erth      ######..     1%          4    None
 Sticky Flame             Conj/Fire      ######..     1%          4    None
 Summon Ice Beast         Ice/Summ       ######..     1%          4    None
 Throw Icicle             Conj/Ice       ######..     1%          4    None
 Alistair's Intoxication  Tmut/Pois      ######..     1%          5    ####...
 Aura of Abjuration       Summ           ######....   1%          5    ####...
 Blade Hands              Tmut           ######....   1%          5    ####...
 Bolt of Draining         Conj/Necr      ######....   1%          5    ####...
 Bolt of Magma            Conj/Fire/Erth ######....   1%          5    ####...
 Borgnjor's Vile Clutch   Necr/Erth      ######....   1%          5    ####...
 Excruciating Wounds      Chrm/Necr      ######....   1%          5    ####...
 Irradiate                Conj/Tmut      ######....   1%          5    ####...
 Iskenderun's Battlesphe  Conj/Chrm      ######..     1%          5    ####...
 Lee's Rapid Deconstruct  Erth           ######....   1%          5    ####...
 Lightning Bolt           Conj/Air       ######....   1%          5    ####...
 Summon Forest            Summ/Tloc      ######....   1%          5    ####...
 Venom Bolt               Conj/Pois      ######....   1%          5    ####...
 Yara's Violent Unravell  Hex/Tmut       ######....   1%          5    ####...
 Bolt of Fire             Conj/Fire      ######....   1%          6    #####..
 Conjure Ball Lightning   Conj/Air       ######....   1%          6    #####..
 Darkness                 Hex            ######....   1%          6    #####..
 Death Channel            Necr           ######....   1%          6    #####..
 Deflect Missiles         Chrm/Air       ######....   1%          6    #####..
 Hydra Form               Tmut           ######....   1%          6    #####..
 Iron Shot                Conj/Erth      ######....   1%          6    #####..
 Shadow Creatures         Summ           N/A          1%          6    #####..
 Statue Form              Tmut/Erth      ######...    1%          6    #####..
 Dragon Form              Tmut           ######....   6%          7    #######
 Haunt                    Necr/Summ      ######....   6%          7    #######
 Orb of Destruction       Conj           ######....   6%          7    #######
 Spellforged Servitor     Conj/Summ      ######....   6%          7    #######
 Summon Hydra             Summ           ######....   6%          7    #######
 Death's Door             Chrm/Necr      ######....   41%         8    #######
 Borgnjor's Revivificati  Necr           ######....   45%         8    #######
 Discord                  Hex            ######....   45%         8    #######
 Ignition                 Fire           ######....   45%         8    #######
 Infestation              Necr           ######....   45%         8    #######
 Necromutation            Tmut/Necr      ######....   45%         8    #######
 Dragon's Call            Summ           ######....   100%        9    #######
 Shatter                  Erth           ######....   100%        9    #######
 Tornado                  Air            ######....   100%        9    #######


Dungeon Overview and Level Annotations

Branches:
Dungeon (15/15)            Temple (1/1) D:5            Lair (6/6) D:9
  Swamp (4/4) Lair:4       Spider (4/4) Lair:3        Slime (5/5) Lair:6
    Orc (2/2) D:12            Elf (3/3) Orc:2        Vaults (5/5) D:14
  Crypt (3/3) Vaults:3       Tomb (0/3) Crypt:3      Depths (5/5) D:15
    Zot (5/5) Depths:5

Altars:
Ashenzari
Dithmenos
Elyvilon
Fedhas
Gozag
Hepliaklqana
Kikubaaqudgha
Makhleb
Nemelex Xobeh
Okawaru
Qazlal
Sif Muna
Trog
Vehumet
Wu Jian
Xom
Yredelemnul
Zin
Jiyva

Shops:
D:5 (   D:6 (   D:11 [   D:13 ?   Orc:1 =   Orc:2 (%*=   Elf:2 *   Vaults:2 =}
Vaults:3 %   Vaults:4 =%=   Depths:1 [   Depths:3 (*(

Portals:
Hell: Depths:1 Depths:2 Depths:3 Depths:4 Depths:5
Abyss: Depths:4
Pandemonium: Depths:2 Depths:3 Depths:4
Ziggurat: Depths:4

Annotations:
Slime:3 Dissolution
Slime:5 exclusions: azure jelly, the Royal Jelly and 3 more exclusions
Crypt:2 1 runed translucent door, Seon's ghost, adept MiFi


Innate Abilities, Weirdness & Mutations

Your experience applies equally to all skills.
You have very sharp teeth.
Your uncanny sense of smell can sniff out nearby items.
You have a pair of small horns on your head.
You have sharp toenails.
Your skin changes colour to match your surroundings (Stealth+).
Armour fits poorly on your strangely shaped body.
You are dopey. (Int -2)
You have an increased reservoir of magic. (+10% MP)
Your system is resistant to poisons. (rPois)
You expend magic power (3 MP) to strengthen your wands.


Message History

As you read the scroll of blinking, it crumbles to dust.
Press: ? - help, v - describe, . - travel
Here: Yridisk (lightly wounded)
The floor.
Unknown command.
Casting: Spectral Weapon (safe; 1% risk of failure)
Confirm with . or Enter, or press ? or * to list all spells.
Your skin crawls.
Yridisk calls on the powers of darkness!
Your body is wracked with pain!
* * * LOW HITPOINT WARNING * * *
Okay, then.
Okay, then.
Your blink will be uncontrolled - continue anyway?
The Orb prevents control of your translocation!
You blink.
As you read the scroll of blinking, it crumbles to dust.
Yridisk gestures.
The hellion gestures at you.
The sphere of damnation explodes!
The damnation engulfs you!!
You die...

######## #......#
#......########
####......'......#
#......ยง..######.#
#.........####....
#.#.#)#.#....#.#.#
#@.2&.....##.#.#.#
#.#.#.#.#.#......#
##..>.....#..#....
##.#.#.#.#.......
######........#.#<....
#.....#.#.#.#.........
###+#...##..###.#.......
#.......+...............
#.......##.#####.#......


You could see Yridisk and a hellion.

Vanquished Creatures
  the Royal Jelly (Slime:5)
  A juggernaut (Abyss:3)
  4 orbs of fire
  11 ancient liches
  Boris (Crypt:2)
  the Lernaean hydra (Swamp:3)
  2 Killer Klowns (Zot:5)
  The ghost of wjh11 the Executioner, a veteran MiBe of Trog (Vaults:3)
  2 curse toes
  The ghost of Bidatih the Peltast, an adept MiBe of Trog (Vaults:2)
  12 golden dragons
  Jory (Vaults:5)
  2 electric golems (Zot:5)
  16 tentacled monstrosities
  7 liches
  26 Orb Guardians
  2 titans (Vaults:5)
  A deep elf master archer (Elf:3)
  7 quicksilver dragons
  A quicksilver dragon (shapeshifter) (Vaults:5)
  2 sphinxes
  3 ancient champions
  7 death cobs
  13 storm dragons
  19 acid blobs
  Kirke (D:12)
  7 tentacled starspawn
  7 shadow dragons
  9 tengu reavers
  3 thorn hunters
  21 azure jellies
  8 draconian monks
  Roxanne (Swamp:1)
  The ghost of TheAlmogaver the Thaumaturge, an adept GnWz of Ashenzari (Swamp:4)
  3 revenants (Crypt:3)
  A deep elf sorcerer (Elf:1)
  5 frost giants
  The ghost of MordorOrchid the Stormcaller, an adept FeAE of Nemelex Xobeh (Depths:2)
  11 vault wardens
  2 iron dragons (Vaults:5)
  16 fire giants
  9 draconian knights
  6 ghost moths
  An orc warlord (Orc:2)
  6 draconian scorchers
  6 deep elf elementalists
  6 draconian shifters
  11 draconian stormcallers
  An angel (Abyss:3)
  4 emperor scorpions
  2 curse skulls
  4 ghouls
  2 spriggan defenders (Depths:5)
  A reaper (Depths:2)
  31 very ugly things
  3 war gargoyles (Vaults:5)
  9 draconian annihilators
  8 ironheart preservers
  4 entropy weavers
  20 stone giants
  2 ophanim (Abyss:3)
  6 vampire knights
  14 black draconians
  7 deep elf demonologists
  15 green draconians
  13 starcursed masses
  17 yellow draconians
  4 deep elf annihilators (Elf:3)
  12 purple draconians
  8 spark wasps
  15 ettins
  13 red draconians
  12 white draconians
  A quicksilver dragon zombie (Abyss:2)
  11 deep elf death magi
  A blizzard demon (D:8)
  4 eidola
  5 death oozes
  23 yaktaur captains
  12 jiangshi
  Josephine (D:12)
  5 fire dragons
  16 great orbs of eyes
  Erolcha (D:12)
  A spectral golden dragon (Crypt:3)
  2 rakshasas
  14 ogre magi
  8 deep elf high priests
  24 hydras
  10 ice dragons
  30 vault guards
  5 spriggan air magi
  2 ghost crabs
  2 catoblepae
  2 death knights
  3 naga warriors
  2 spectral frost giants (Crypt:3)
  Erica (D:9)
  7 centaur warriors
  28 dancing weapons
  16 alligators
  5 deep troll shamans
  46 two-headed ogres
  3 deep troll earth magi
  A queen ant (Lair:5)
  3 spriggan berserkers
  5 thrashing horrors
  A spectral dire elephant (Crypt:3)
  10 vampire magi
  6 death yaks
  6 small abominations
  A tengu warrior (Depths:1)
  A sun demon (Depths:4)
  Sonja (D:11)
  3 orc high priests (Orc:2)
  3 soul eaters
  5 hell knights
  11 deep elf knights
  14 shadow wraiths
  4 wretched stars
  2 iron trolls
  A titan skeleton (Crypt:2)
  2 sixfirhies
  5 unseen horrors
  46 skeletal warriors
  A storm dragon zombie (Crypt:2)
  14 deep trolls
  9 flayed ghosts
  A spriggan druid (Swamp:3)
  8 wizards
  12 deep elf archers
  7 glowing orange brains
  2 cherubim (Abyss:3)
  A torturous demonspawn (Depths:2)
  A glowing orange brain (shapeshifter) (Depths:4)
  An anaconda zombie (Crypt:1)
  12 swamp dragons
  A shadow dragon zombie (Crypt:2)
  9 necromancers
  20 phantasmal warriors
  4 harpies
  11 ironbrand convokers
  51 deep elf magi
  A lindwurm (Lair:2)
  An anaconda skeleton (Crypt:2)
  A wolf spider zombie (Crypt:2)
  10 orc knights
  An orb spider (shapeshifter) (Vaults:1)
  3 harpies (shapeshifter)
  A stone giant zombie (Crypt:2)
  34 wolf spiders
  21 orb spiders
  5 oklob plants
  A shadow dragon skeleton (Vaults:3)
  30 ugly things
  A faun (shapeshifter) (Vaults:5)
  A frost giant zombie (Crypt:2)
  7 shining eyes
  23 moths of wrath
  A spectral fire dragon (Crypt:3)
  4 orc sorcerers (Orc:2)
  A tengu skeleton (Vaults:3)
  A worldbinder (Abyss:1)
  6 manticores
  A salamander (Depths:1)
  2 toenail golems (Volcano)
  9 cyclopes
  2 dire elephant zombies
  2 frost giant skeletons (Vaults:3)
  2 black mambas
  A spectral shock serpent (Crypt:3)
  6 elephants
  3 guardian serpents
  2 black mambas (shapeshifter)
  A gargoyle (D:12)
  An ice statue (IceCv)
  3 torpor snails
  3 eyes of devastation
  13 vault sentinels
  3 orange demons
  A green draconian zombie (Crypt:1)
  A catoblepas zombie (Crypt:2)
  5 human skeletons
  5 smoke demons
  An elephant slug zombie (Crypt:1)
  20 spiny frogs
  5 rime drakes
  A kobold demonologist (D:12)
  4 komodo dragons
  An efreet (D:13)
  17 demonic crawlers
  41 yaktaurs
  2 hellions
  An alligator snapping turtle skeleton (Crypt:1)
  A tormentor (Abyss:2)
  14 freezing wraiths
  A hellwing (Depths:4)
  2 yaktaur skeletons (D:15)
  6 guardian mummies
  4 ancient zymes
  7 trolls
  3 hydra zombies
  A silent spectre (Abyss:1)
  2 trolls (shapeshifter)
  3 tengu conjurers
  18 polar bears
  A spectral harpy (Crypt:3)
  4 meliai
  28 jumping spiders
  A jumping spider (shapeshifter) (Vaults:4)
  An alligator zombie (Crypt:2)
  A hydra skeleton (Crypt:1)
  14 tyrant leeches
  19 hornets
  9 blink frogs
  6 raiju
  9 hippogriffs
  16 bog bodies
  62 slime creatures
  Prince Ribbit (D:6)
  11 dream sheep
  12 flying skulls
  A slime creature (shapeshifter) (Vaults:4)
  A stone giant simulacrum (Crypt:2)
  14 water elementals
  A yak (shapeshifter) (Depths:1)
  4 vampires
  2 air elementals
  4 ettin skeletons
  54 redbacks
  17 wraiths
  28 spriggans
  21 tarantellas
  2 tarantellas (shapeshifter)
  16 shadows
  3 ynoxinuls
  4 wyverns
  53 yaks
  A hog (shapeshifter) (D:15)
  A human (D:14)
  2 fire elementals
  5 golden eyes
  6 hungry ghosts
  4 hogs (D:12)
  4 chaos spawn
  2 neqoxecs
  34 vampire mosquitoes
  Menkaure (D:5)
  2 nagas (Abyss:2)
  A torturous demonspawn zombie (Crypt:1)
  11 large abominations
  17 swamp worms
  3 wargs
  A spectral spriggan (Crypt:3)
  3 acid dragons
  A human zombie (D:15)
  7 soldier ants (Lair:5)
  16 water moccasins
  7 porcupines
  A faun skeleton (Crypt:3)
  A hornet zombie (D:14)
  37 orc warriors
  6 black bears (Lair:6)
  A hell hound (Abyss:1)
  13 ice beasts
  An infernal demonspawn skeleton (Crypt:3)
  10 swamp drakes
  5 sky beasts
  8 eyes of draining
  4 black bears (shapeshifter)
  6 necrophages
  A swamp dragon zombie (Crypt:2)
  25 ogres
  5 phantoms
  31 wolves
  7 boggarts
  18 centaurs
  11 crocodiles
  8 big kobolds
  A big kobold (shapeshifter) (Vaults:5)
  20 bullfrogs
  A wyvern zombie (Crypt:2)
  8 earth elementals
  A wyvern skeleton (D:12)
  A water moccasin skeleton (Crypt:2)
  6 scorpions
  60 killer bees
  A tengu zombie (D:15)
  14 wights
  2 electric eels
  5 howler monkeys
  13 crimson imps
  5 centaur zombies
  A quasit (D:10)
  7 hounds
  9 jellies
  22 orc priests
  9 centaur skeletons
  A hound (shapeshifter) (Vaults:1)
  32 orc wizards
  5 bullfrog skeletons
  A gnoll shaman (D:7)
  2 iron imps
  8 iguanas
  Ijyb (D:3)
  24 worker ants
  14 hell rats
  A demigod skeleton (Crypt:2)
  2 hound skeletons
  7 mummies (Crypt:3)
  Robin (D:2)
  13 adders
  4 gnolls
  13 river rats (Lair:1)
  A scorpion zombie (Crypt:3)
  2 steam dragon skeletons
  A swamp drake skeleton (Crypt:1)
  4 shadow imps
  3 white imps
  2 oozes (D:3)
  An adder zombie (Crypt:2)
  3 adder skeletons
  A dart slug (D:3)
  3 leopard geckos
  98 orcs
  3 ball pythons
  9 giant cockroaches
  11 goblins
  5 hobgoblins
  8 jackals
  22 kobolds
  13 quokkas
  A ball python skeleton (Crypt:2)
  6 bats
  4 frilled lizards
  A giant cockroach zombie (Crypt:3)
  A gnoll zombie (Crypt:3)
  A jackal zombie (D:7)
  2 leopard gecko skeletons (D:5)
  24 rats
  A bush (Lair:1)
  2 butterflies
  A crawling corpse (Elf:3)
  2 fungi (Lair:6)
  A spectral weapon (Swamp:3)
  4 starspawn tentacles
2779 creatures vanquished.

Vanquished Creatures (collateral kills)
  A juggernaut (Depths:4)
  The ghost of RadicalHijinx the Warrior, a legendary HuGl of Yredelemnul (Zot:2)
  A tentacled monstrosity (Vaults:4)
  An Orb Guardian (Zot:5)
  A titan (Vaults:5)
  2 acid blobs (Slime:5)
  2 tengu reavers
  A sphinx (Depths:2)
  2 shadow dragons (Vaults:5)
  3 azure jellies (Slime:5)
  A draconian knight (Zot:3)
  A vault warden (Vaults:2)
  4 draconian shifters
  5 very ugly things
  3 draconian annihilators
  2 ironheart preservers
  3 black draconians
  A stone giant (Depths:1)
  2 green draconians (Zot:2)
  3 red draconians
  A yellow draconian (Zot:3)
  A spark wasp (Depths:4)
  2 purple draconians
  3 white draconians
  5 ogre magi
  A deep elf high priest (Elf:3)
  2 great orbs of eyes
  A fire dragon (Depths:1)
  3 ice dragons
  2 vault guards (Vaults:4)
  A death knight (Vaults:5)
  9 two-headed ogres
  A centaur warrior (Vaults:1)
  2 deep troll shamans
  A deep elf knight (Elf:2)
  2 hell knights
  A storm dragon skeleton (Vaults:3)
  A shadow wraith (Crypt:3)
  2 skeletal warriors
  2 deep trolls
  2 deep elf archers
  An ironbrand convoker (Vaults:4)
  2 flayed ghosts
  3 phantasmal warriors
  3 harpies (Vaults:3)
  6 deep elf magi
  5 orb spiders
  4 orc knights
  5 wolf spiders
  A necromancer (Crypt:2)
  3 ugly things
  A shadow dragon zombie (Crypt:2)
  A guardian serpent (shapeshifter) (Depths:3)
  A vault sentinel (Vaults:5)
  A moth of wrath (Zot:2)
  A guardian serpent (Depths:3)
  A torpor snail (Spider:2)
  3 freezing wraiths
  15 yaktaurs
  An ice devil (Depths:2)
  An ancient zyme (Abyss:1)
  2 tengu conjurers
  2 jumping spiders
  4 hornets
  2 slime creatures (Vaults:2)
  11 redbacks
  2 shadows (Crypt:3)
  A water elemental (Depths:4)
  4 tarantellas
  A neqoxec (Abyss:1)
  An eye of draining (Slime:1)
  7 orc warriors (Vaults:2)
  3 ogres
  A centaur (Vaults:3)
  A crimson imp (Depths:1)
  5 orcs
  An orc zombie (Crypt:2)
192 creatures vanquished.

Vanquished Creatures (others)
  3 draconian monks
  A stone giant (Depths:2)
  A green draconian (Zot:2)
  4 yaktaur captains
  A hydra (Swamp:1)
  A deep elf high priest (Vaults:5)
  A spriggan druid (Swamp:3)
  A harpy (Vaults:1)
  A necromancer (Depths:4)
  2 deep elf magi (Elf:1)
  A toenail golem (Volcano)
  9 yaktaurs
  A neqoxec (Zot:4)
  A swamp worm (Swamp:1)
  2 centaurs (Depths:2)
  An orc wizard (D:4)
  An orc (D:5)
  2 jackals (D:5)
  4 briar patches (Swamp:3)
  A butterfly (Lair:2)
  7 fungi
  12 plants
  99 spectral weapons
  15 starspawn tentacles
  2 withered plants (Zot:2)
174 creatures vanquished.

Grand Total: 3145 creatures vanquished

Notes
Turn   | Place    | Note
-------+----------+-------------------------------------------
     0 | D:1      | keltmir the Gnoll Skald began the quest for the Orb.
     0 | D:1      | Reached XP level 1. HP: 20/20 MP: 6/6
   148 | D:1      | Reached XP level 2. HP: 25/26 MP: 7/7
   452 | D:1      | Reached XP level 3. HP: 31/31 MP: 9/9
   503 | D:1      | Reached skill level 5 in Spellcasting
   905 | D:2      | Learned a level 3 spell: Spectral Weapon
   909 | D:2      | Learned a level 3 spell: Regeneration
  1450 | D:2      | Reached skill level 1 in Invocations
  1452 | D:2      | Noticed Robin
  1468 | D:2      | Killed Robin
  1468 | D:2      | Reached skill level 1 in Short Blades
  1468 | D:2      | Reached skill level 1 in Long Blades
  1468 | D:2      | Reached skill level 1 in Axes
  1468 | D:2      | Reached skill level 1 in Maces & Flails
  1468 | D:2      | Reached skill level 1 in Staves
  1468 | D:2      | Reached skill level 1 in Slings
  1468 | D:2      | Reached skill level 1 in Bows
  1468 | D:2      | Reached skill level 1 in Crossbows
  1468 | D:2      | Reached skill level 1 in Throwing
  1468 | D:2      | Reached skill level 1 in Stealth
  1468 | D:2      | Reached skill level 1 in Shields
  1468 | D:2      | Reached skill level 1 in Unarmed Combat
  1468 | D:2      | Reached skill level 1 in Evocations
  1474 | D:2      | Reached XP level 4. HP: 21/38 MP: 2/11
  1963 | D:3      | Noticed Ijyb
  2148 | D:3      | Reached skill level 1 in Conjurations
  2148 | D:3      | Reached skill level 1 in Hexes
  2148 | D:3      | Reached skill level 1 in Summonings
  2148 | D:3      | Reached skill level 1 in Necromancy
  2148 | D:3      | Reached skill level 1 in Translocations
  2148 | D:3      | Reached skill level 1 in Transmutations
  2148 | D:3      | Reached skill level 1 in Fire Magic
  2148 | D:3      | Reached skill level 1 in Ice Magic
  2148 | D:3      | Reached skill level 1 in Air Magic
  2148 | D:3      | Reached skill level 1 in Earth Magic
  2148 | D:3      | Reached skill level 1 in Poison Magic
  2148 | D:3      | Reached XP level 5. HP: 32/43 MP: 5/12
  2398 | D:3      | Found a stormy altar of Qazlal.
  2814 | D:3      | Killed Ijyb
  3241 | D:3      | Reached XP level 6. HP: 24/50 MP: 2/13
  3529 | D:4      | Reached skill level 2 in Invocations
  3596 | D:4      | Reached skill level 5 in Fighting
  3596 | D:4      | Reached skill level 5 in Polearms
  3596 | D:4      | Reached skill level 5 in Dodging
  4125 | D:4      | Reached XP level 7. HP: 56/56 MP: 11/15
  4234 | D:5      | Entered Level 5 of the Dungeon
  4273 | D:5      | Found Pyned Ybe's Antique Weapon Shoppe.
  4301 | D:5      | Noticed Menkaure
  4303 | D:5      | Killed Menkaure
  4889 | D:5      | Found a staircase to the Ecumenical Temple.
  4921 | D:4      | Reached skill level 3 in Invocations
  4973 | Temple   | Entered the Ecumenical Temple
  5019 | Temple   | Became a worshipper of Warmaster Okawaru
  5032 | D:5      | Reached XP level 8. HP: 63/63 MP: 12/16
  5406 | D:6      | Found a shadowy altar of Dithmenos.
  5428 | D:6      | Found Natsuept's Antique Weapon Shoppe.
  5448 | D:6      | Bought a pitted short sword for 160 gold pieces
  5448 | D:6      | Identified the +7 short sword "Poac" {elec, Int+6} (You
                  | bought it in a shop on level 6 of the Dungeon)
  5645 | D:6      | Noticed Prince Ribbit
  5684 | D:6      | Killed Prince Ribbit
  5684 | D:6      | Reached * piety under Okawaru
  5821 | D:7      | Reached skill level 4 in Invocations
  5934 | D:7      | Reached XP level 9. HP: 69/69 MP: 18/18
  6066 | D:7      | Reached ** piety under Okawaru
  6377 | D:7      | Learned a level 1 spell: Confusing Touch
  6379 | D:7      | Learned a level 1 spell: Apportation
  6646 | D:8      | Reached skill level 5 in Armour
  7118 | D:7      | Reached skill level 5 in Invocations
  7245 | D:8      | Reached *** piety under Okawaru
  7384 | D:8      | Reached XP level 10. HP: 50/77 MP: 16/20
  7669 | D:8      | Learned a level 2 spell: Slow
  8404 | D:9      | Reached skill level 5 in Short Blades
  8404 | D:9      | Reached skill level 5 in Long Blades
  8404 | D:9      | Reached skill level 5 in Axes
  8404 | D:9      | Reached skill level 5 in Maces & Flails
  8404 | D:9      | Reached skill level 5 in Staves
  8404 | D:9      | Reached skill level 5 in Slings
  8404 | D:9      | Reached skill level 5 in Bows
  8404 | D:9      | Reached skill level 5 in Crossbows
  8404 | D:9      | Reached skill level 5 in Throwing
  8404 | D:9      | Reached skill level 5 in Stealth
  8404 | D:9      | Reached skill level 5 in Shields
  8404 | D:9      | Reached skill level 5 in Unarmed Combat
  8404 | D:9      | Reached skill level 5 in Evocations
  8481 | D:9      | Found a staircase to the Lair.
  8674 | D:9      | Noticed a cyclops
  8681 | D:9      | Killed a cyclops
  8681 | D:9      | Reached **** piety under Okawaru
  9173 | D:9      | Noticed Erica
  9194 | D:9      | Killed Erica
  9194 | D:9      | Reached ***** piety under Okawaru
  9194 | D:9      | Reached skill level 6 in Invocations
  9432 | D:10     | Entered Level 10 of the Dungeon
  9568 | D:10     | Noticed a two-headed ogre
  9608 | D:9      | Killed a two-headed ogre
  9608 | D:9      | Reached XP level 11. HP: 53/84 MP: 20/22
 10265 | D:10     | Received a gift from Okawaru
 10342 | D:10     | Reached skill level 5 in Conjurations
 10342 | D:10     | Reached skill level 5 in Hexes
 10342 | D:10     | Reached skill level 5 in Summonings
 10342 | D:10     | Reached skill level 5 in Necromancy
 10342 | D:10     | Reached skill level 5 in Translocations
 10342 | D:10     | Reached skill level 5 in Transmutations
 10342 | D:10     | Reached skill level 5 in Fire Magic
 10342 | D:10     | Reached skill level 5 in Ice Magic
 10342 | D:10     | Reached skill level 5 in Air Magic
 10342 | D:10     | Reached skill level 5 in Earth Magic
 10342 | D:10     | Reached skill level 5 in Poison Magic
 10352 | D:10     | Noticed a three-headed hydra
 10363 | D:10     | Killed a three-headed hydra
 10364 | D:10     | Reached ****** piety under Okawaru
 10376 | D:10     | Received a gift from Okawaru
 10377 | D:10     | Got a transparent hat {god gift}
 10393 | D:10     | Noticed a purple ugly thing
 10414 | D:10     | Killed a red ugly thing
 10616 | D:10     | Identified the +2 hat of Poluawax {+Blink +Fly rPois}
                  | (Okawaru gifted it to you on level 10 of the Dungeon)
 10749 | D:10     | Noticed a two-headed ogre
 10777 | D:10     | Killed a two-headed ogre
 10777 | D:10     | Reached skill level 7 in Invocations
 11293 | D:11     | Noticed Sonja
 11303 | D:11     | Killed Sonja
 11627 | D:11     | Noticed a green ugly thing
 11641 | D:11     | Killed a green ugly thing
 12053 | D:11     | Noticed a cyclops
 12078 | D:11     | Killed a cyclops
 12233 | D:11     | Found Riguf's Antique Armour Boutique.
 12252 | D:11     | Bought a pair of embroidered gloves for 285 gold pieces
 12252 | D:11     | Bought a glowing cloak for 285 gold pieces
 12287 | D:11     | Noticed an unseen horror
 12328 | D:11     | Reached XP level 12. HP: 88/93 MP: 24/24
 12756 | D:12     | Noticed Erolcha
 12757 | D:12     | Noticed a five-headed hydra
 12929 | D:12     | Killed Erolcha
 12936 | D:12     | Killed a five-headed hydra
 13090 | D:12     | Received a gift from Okawaru
 13130 | D:12     | Noticed Josephine
 13223 | D:12     | Killed Josephine
 13223 | D:12     | Reached skill level 8 in Invocations
 13574 | D:12     | Received a gift from Okawaru
 13666 | D:12     | Noticed Kirke
 13726 | D:12     | Reached XP level 13. HP: 95/101 MP: 26/26
 13783 | D:12     | Killed Kirke
 14034 | D:12     | Identified the +1 scimitar "Qofraid" {drain, rPois}
 14087 | D:12     | Found a staircase to the Orcish Mines.
 14501 | D:12     | Received a gift from Okawaru
 14566 | D:12     | Learned a level 3 spell: Tukima's Dance
 14581 | D:12     | Found a runed translucent door.
 14582 | D:12     | Found a runed translucent door.
 14582 | D:12     | Noticed a tengu reaver
 14583 | D:12     | Found a runed translucent door.
 15046 | Lair:1   | Entered Level 1 of the Lair of Beasts
 15097 | Lair:1   | Received a gift from Okawaru
 15332 | Lair:1   | Found a dark tunnel.
 15337 | Volcano  | Entered a volcano
 15405 | Volcano  | Reached skill level 9 in Invocations
 16416 | Lair:1   | Received a gift from Okawaru
 16495 | Lair:1   | Learned a level 3 spell: Portal Projectile
 18017 | Lair:2   | Found a shadowy altar of Dithmenos.
 18125 | Lair:2   | Found a frozen archway.
 18137 | Lair:2   | Reached skill level 10 in Spellcasting
 18152 | IceCv    | Entered an ice cave
 18219 | IceCv    | Reached XP level 14. HP: 98/109 MP: 25/28
 18511 | IceCv    | Reached skill level 10 in Fighting
 18511 | IceCv    | Reached skill level 10 in Polearms
 18511 | IceCv    | Reached skill level 10 in Dodging
 19071 | IceCv    | Noticed a frost giant
 19104 | IceCv    | Killed a frost giant
 20346 | Lair:2   | Reached skill level 10 in Invocations
 21233 | Lair:2   | Received a gift from Okawaru
 21351 | Lair:3   | Received a gift from Okawaru
 22104 | Lair:3   | Received a gift from Okawaru
 22162 | Lair:3   | Found a hole to the Spider Nest.
 23082 | D:11     | Bought a scorched helmet for 361 gold pieces
 23092 | D:11     | Identified the +2 helmet of Elyvilon's Favour {*Drain rElec
                  | Str-2 Dex+9} (You bought it in a shop on level 11 of the
                  | Dungeon)
 23298 | Lair:4   | Found a staircase to the Swamp.
 23620 | Lair:4   | Reached XP level 15. HP: 52/117 MP: 29/29
 24186 | Lair:5   | Received a gift from Okawaru
 24469 | Lair:5   | Reached skill level 10 in Armour
 24514 | Lair:5   | Received a gift from Okawaru
 24517 | Lair:5   | Got a dazzling hat {god gift}
 26002 | Lair:6   | Entered Level 6 of the Lair of Beasts
 26209 | Lair:5   | Reached skill level 10 in Charms
 26692 | Lair:6   | Reached skill level 10 in Short Blades
 26692 | Lair:6   | Reached skill level 10 in Long Blades
 26692 | Lair:6   | Reached skill level 10 in Axes
 26692 | Lair:6   | Reached skill level 10 in Maces & Flails
 26692 | Lair:6   | Reached skill level 10 in Staves
 26692 | Lair:6   | Reached skill level 10 in Slings
 26692 | Lair:6   | Reached skill level 10 in Bows
 26692 | Lair:6   | Reached skill level 10 in Crossbows
 26692 | Lair:6   | Reached skill level 10 in Throwing
 26692 | Lair:6   | Reached skill level 10 in Stealth
 26692 | Lair:6   | Reached skill level 10 in Shields
 26692 | Lair:6   | Reached skill level 10 in Unarmed Combat
 26692 | Lair:6   | Reached skill level 10 in Evocations
 27123 | Lair:6   | Received a gift from Okawaru
 28277 | D:13     | Found Sirgh's Magic Scroll Boutique.
 28310 | D:13     | Reached skill level 11 in Invocations
 29130 | D:13     | Bought a scroll of identify for 30 gold pieces
 29130 | D:13     | Identified the +2 hat of Democracy {*Corrode rN+ Str+4}
                  | (Okawaru gifted it to you on level 5 of the Lair of Beasts)
 29304 | D:14     | Reached XP level 16. HP: 112/125 MP: 24/31
 29684 | D:14     | Received a gift from Okawaru
 29786 | D:14     | Found a gate to the Vaults.
 30365 | D:15     | Entered Level 15 of the Dungeon
 30704 | D:15     | Found a staircase to the Depths.
 30902 | Orc:1    | Entered Level 1 of the Orcish Mines
 30905 | Orc:1    | Found Zylaokh's Jewellery Emporium.
 30939 | Orc:2    | Entered Level 2 of the Orcish Mines
 31047 | Orc:2    | Found a staircase to the Elven Halls.
 31302 | Orc:2    | Learned a level 2 spell: Song of Slaying
 31633 | Orc:2    | Received a gift from Okawaru
 31875 | Orc:2    | Found Eddem's Food Emporium.
 31875 | Orc:2    | Found Honefrem's Antique Weapon Boutique.
 31880 | Orc:2    | Found Geutosel's Jewellery Emporium.
 31880 | Orc:2    | Found Cylo Bif's Assorted Antiques.
 32039 | Orc:2    | Received a gift from Okawaru
 32059 | Orc:2    | Got a brightly glowing hat {god gift}
 32684 | Orc:2    | Bought a scroll of identify for 58 gold pieces
 32684 | Orc:2    | Identified the +3 hat "Lamurog" {rElec Int+4} (Okawaru
                  | gifted it to you on level 2 of the Orcish Mines)
 32707 | Orc:2    | Bought an uncursed amulet of regeneration for 390 gold
                  | pieces
 33930 | Swamp:1  | Entered Level 1 of the Swamp
 33961 | Swamp:1  | Learned a level 3 spell: Confuse
 33965 | Swamp:1  | Learned a level 3 spell: Lesser Beckoning
 34143 | Swamp:1  | Identified Roxanne's Disquisition on Shape Shifting
 34143 | Swamp:1  | Noticed Roxanne
 34194 | Swamp:1  | Killed Roxanne
 34535 | Swamp:1  | Reached XP level 17. HP: 129/133 MP: 33/33
 34866 | Swamp:1  | Reached skill level 12 in Invocations
 35191 | Swamp:2  | Received a gift from Okawaru
 35687 | Swamp:2  | Got a fine helmet
 36108 | Swamp:3  | Identified the cursed -1 helmet of Waciquq {Str+6 Int-2
                  | Dex+3 Slay-2} (You found it on level 2 of the Swamp)
 36758 | Swamp:4  | Entered Level 4 of the Swamp
 37044 | Swamp:4  | Found a runed translucent door.
 37044 | Swamp:4  | Noticed TheAlmogaver's ghost (adept GnWz)
 37055 | Swamp:4  | Received a gift from Okawaru
 37116 | Swamp:4  | Killed TheAlmogaver's ghost
 38296 | Swamp:4  | Noticed the 27-headed Lernaean hydra
 38962 | Swamp:3  | Killed the 14-headed Lernaean hydra
 38962 | Swamp:3  | Reached skill level 10 in Conjurations
 38962 | Swamp:3  | Reached skill level 10 in Hexes
 38962 | Swamp:3  | Reached skill level 10 in Summonings
 38962 | Swamp:3  | Reached skill level 10 in Necromancy
 38962 | Swamp:3  | Reached skill level 10 in Translocations
 38962 | Swamp:3  | Reached skill level 10 in Transmutations
 38962 | Swamp:3  | Reached skill level 10 in Fire Magic
 38962 | Swamp:3  | Reached skill level 10 in Ice Magic
 38962 | Swamp:3  | Reached skill level 10 in Air Magic
 38962 | Swamp:3  | Reached skill level 10 in Earth Magic
 38962 | Swamp:3  | Reached skill level 10 in Poison Magic
 39106 | Swamp:4  | Reached XP level 18. HP: 141/141 MP: 27/34
 39224 | Swamp:4  | Received a gift from Okawaru
 39362 | Swamp:4  | Got a decaying rune of Zot
 39743 | D:13     | Bought a scroll of acquirement for 780 gold pieces
 39748 | D:13     | Got a steaming triple sword
 39757 | D:13     | Identified the +11 triple sword of the Wasteland {drain,
                  | +Fly Dex-5 Stlth+} (You acquired it on level 13 of the
                  | Dungeon)
 39823 | Vaults:1 | Entered Level 1 of the Vaults
 40069 | Vaults:1 | Received a gift from Okawaru
 41173 | Spider:1 | Entered Level 1 of the Spider Nest
 41396 | Spider:1 | Reached skill level 13 in Invocations
 41501 | Spider:1 | You are sucked into a shaft!
 41932 | Spider:1 | Learned a level 4 spell: Summon Lightning Spire
 42328 | Spider:2 | Received a gift from Okawaru
 42877 | Spider:2 | Received a gift from Okawaru
 43360 | Spider:3 | Received a gift from Okawaru
 43778 | Spider:3 | Reached XP level 19. HP: 149/149 MP: 30/36
 44625 | Spider:4 | Entered Level 4 of the Spider Nest
 45031 | Spider:4 | Received a gift from Okawaru
 45485 | Spider:4 | Received a gift from Okawaru
 46626 | Spider:4 | Got a gossamer rune of Zot
 47912 | Vaults:2 | Noticed a Brimstone Fiend
 48055 | Vaults:2 | Found Kimeut's Gadget Shop.
 48124 | Vaults:2 | Received a gift from Okawaru
 48138 | Vaults:2 | Identified a +2 pair of boots of running (Okawaru gifted it
                  | to you on level 2 of the Vaults)
 48539 | Vaults:2 | Found Sucup Leotze's Jewellery Shoppe.
 48547 | Vaults:2 | Bought the ring "Kumiseta" {rCorr rF+ MR++} for 720 gold
                  | pieces
 49022 | Vaults:2 | Reached XP level 20. HP: 110/157 MP: 20/37
 49134 | Vaults:2 | Reached skill level 14 in Invocations
 49380 | Vaults:2 | Found a runed translucent door.
 49382 | Vaults:2 | Noticed Bidatih's ghost (adept MiBe)
 49486 | Vaults:2 | Killed Bidatih's ghost
 49486 | Vaults:2 | Received a gift from Okawaru
 49995 | Vaults:3 | You fall through a shaft!
 50414 | Vaults:4 | Found Itauxyowou's Food Shoppe.
 50552 | Vaults:4 | Found Zaes Dih's Jewellery Shoppe.
 50659 | Vaults:4 | Found a flickering gateway to a bazaar.
 50668 | Bazaar   | Entered a bazaar
 50676 | Bazaar   | Found Gaiqanty's Antique Weapon Emporium.
 50689 | Bazaar   | Found Etiliuju's Antique Weapon Shoppe.
 50704 | Bazaar   | Found Dim Bore's Antique Armour Shoppe.
 50715 | Bazaar   | Found Muvun's Antique Armour Emporium.
 50740 | Bazaar   | Bought a steaming chain mail for 237 gold pieces
 50750 | Bazaar   | Identified the +5 chain mail of the Harvest {Int+4 Dex+5}
                  | (You bought it in a shop in a bazaar)
 50800 | Bazaar   | Bought a pair of pitted boots for 237 gold pieces
 50810 | Bazaar   | Identified the +0 pair of boots "Xergheycw" {rN+ Int+3
                  | Stlth+} (You bought it in a shop in a bazaar)
 51007 | Vaults:3 | Received a gift from Okawaru
 51205 | Vaults:3 | Found Heesie's Food Shop.
 51935 | Vaults:3 | Found a runed translucent door.
 51937 | Vaults:3 | Noticed wjh11's ghost (veteran MiBe)
 52042 | Vaults:3 | Got a faintly humming scale mail
 52043 | Vaults:3 | Identified the +6 scale mail of Limited Liability {rCorr
                  | Dex+4} (You found it on level 3 of the Vaults)
 52139 | Vaults:3 | Received a gift from Okawaru
 52710 | Vaults:3 | Received a gift from Okawaru
 52800 | Vaults:3 | Found a staircase to the Crypt.
 52984 | Vaults:4 | Received a gift from Okawaru
 53133 | Vaults:4 | Found Kam Tesh's Jewellery Boutique.
 53567 | Elf:1    | Entered Level 1 of the Elven Halls
 53711 | Elf:1    | Reached XP level 21. HP: 165/165 MP: 37/39
 53804 | Elf:1    | Learned a level 2 spell: Blink
 54077 | Elf:1    | Identified the Catalogue of Supportive Combat Magic
 55102 | Elf:2    | Found Ryramm's Assorted Antiques.
 55320 | Elf:2    | Found a huge runed translucent gate.
 55320 | Elf:2    | Found a huge runed translucent gate.
 55320 | Elf:2    | Found a huge runed translucent gate.
 55326 | Elf:2    | Found a huge runed translucent gate.
 55326 | Elf:2    | Found a huge runed translucent gate.
 55903 | Elf:2    | Received a gift from Okawaru
 56065 | Elf:2    | Received a gift from Okawaru
 56255 | Elf:3    | Entered Level 3 of the Elven Halls
 56535 | Elf:3    | Received a gift from Okawaru
 56755 | Elf:3    | Reached skill level 15 in Invocations
 56758 | Elf:3    | Received a gift from Okawaru
 56956 | Elf:3    | Identified the ring of Truth {+Inv +Fly rElec Dex+3}
 57003 | Elf:3    | Identified the ring "Epnoyj" {*Tele rC+ Str+6 Dex+3 SInv}
 57039 | Elf:3    | Identified the ring of Xeum {*Drain +Inv rN++ Int+2}
 57116 | Elf:3    | Found the +3 warlock's mirror {reflect}
 57118 | Elf:3    | Identified the Compendium of Blistering Evil
 57121 | Elf:3    | Identified the +3 ring mail "Zuhine" {+Fly MR+ SInv} (You
                  | found it on level 3 of the Elven Halls)
 57176 | Elf:3    | Identified the Almanac of Earth and Necromancy
 57182 | Elf:3    | Got a pair of fine boots
 57193 | Elf:3    | Identified the +0 pair of boots of Wasted Space {rPois
                  | Str+7 Int-5 Dex-2} (You found it on level 3 of the Elven
                  | Halls)
 57210 | Elf:3    | Identified the Handbook of Calling and Flames
 57819 | Elf:3    | Received a gift from Okawaru
 57921 | Elf:3    | Learned a level 5 spell: Silence
 58223 | Vaults:4 | Bought a +6 amulet of reflection for 819 gold pieces
 58717 | Depths:1 | Entered Level 1 of the Depths
 58812 | D:15     | Learned a level 5 spell: Summon Mana Viper
 58920 | Depths:1 | Reached XP level 22. HP: 173/173 MP: 30/40
 58957 | Depths:1 | Received a gift from Okawaru
 59088 | Depths:1 | Identified the +0 leather armour of Qazulul {rElec rC+ MR+}
                  | (You found it on level 1 of the Depths)
 59178 | Depths:1 | Found a portal to a secret trove of treasure.
 59222 | Depths:1 | You paid a toll of 16 potions of curing to enter a treasure
                  | trove
 59223 | Trove    | Entered a treasure trove
 59233 | Trove    | Got a bloodstained large shield
 59248 | Trove    | Got a black opal-encrusted ring mail
 59263 | Trove    | Got a slimy halberd
 59267 | Trove    | Got a faintly glowing hat
 59297 | Depths:1 | Identified the +8 large shield "Litoiphi" {MR++} (You found
                  | it in a treasure trove)
 59303 | Depths:1 | Identified the +0 hat of Words of Power {rElec rF+ Int+4}
                  | (You found it in a treasure trove)
 59343 | Depths:1 | Identified the cursed +0 ring mail "Nomyroen" {rN+ Int+2}
                  | (You found it in a treasure trove)
 59344 | Depths:1 | Identified the +12 halberd of Precise Incision {chop,
                  | *Drain Int+5 SInv} (You found it in a treasure trove)
 59677 | Depths:1 | Received a gift from Okawaru
 59844 | Depths:1 | Found Gasoumy's Armour Boutique.
 59935 | Depths:1 | Found a gateway to Hell.
 60004 | Depths:1 | Received a gift from Okawaru
 60321 | Depths:1 | Found the +8 glaive of the Guard {elec, +Rage AC+5 SInv}
 60335 | Depths:1 | Reached skill level 15 in Spellcasting
 60473 | Depths:1 | Learned a level 5 spell: Summon Demon
 60938 | Depths:2 | Reached skill level 15 in Fighting
 60938 | Depths:2 | Reached skill level 15 in Polearms
 60938 | Depths:2 | Reached skill level 15 in Dodging
 61414 | Depths:2 | Received a gift from Okawaru
 61417 | Depths:2 | Got a twisted buckler {god gift}
 61429 | Depths:2 | Identified the +0 buckler "Jiowk" {rC+ Slay+3} (Okawaru
                  | gifted it to you on level 2 of the Depths)
 61898 | Depths:2 | Found a one-way gate leading to the halls of Pandemonium.
 62046 | Depths:2 | Found a runed translucent door.
 62046 | Depths:2 | Noticed MordorOrchid's ghost (adept FeAE)
 62063 | Depths:2 | Killed MordorOrchid's ghost
 62338 | Depths:3 | Found Gozag's Antique Weapon Emporium.
 62361 | Depths:3 | Found an opulent altar of Gozag.
 62361 | Depths:3 | Noticed a golden dragon
 62365 | Depths:3 | Found Gozag's Antique Weapon Shoppe.
 62403 | Depths:3 | Found Gozag's Assorted Antiques.
 62410 | Depths:3 | Killed a golden dragon
 63533 | Depths:3 | You fall through a shaft!
 63640 | Depths:3 | Reached XP level 23. HP: 163/181 MP: 39/42
 64461 | Depths:4 | Received a gift from Okawaru
 64524 | Depths:4 | Reached skill level 15 in Armour
 64732 | Depths:4 | Found a gateway to a ziggurat.
 64732 | Depths:4 | Identified the +3 flail of Fate {flame, Str+5}
 64785 | Depths:4 | Reached skill level 16 in Invocations
 65045 | Depths:4 | Found a one-way gate to the infinite horrors of the Abyss.
 65340 | Depths:4 | Noticed a juggernaut
 65375 | Depths:4 | Killed a juggernaut
 65532 | Depths:4 | Noticed a golden dragon
 65563 | Depths:4 | Killed a golden dragon
 65768 | Depths:4 | Identified the Collected Works on Dusty Intoxication
 65917 | Depths:5 | Entered Level 5 of the Depths
 65924 | Depths:5 | Reached skill level 15 in Short Blades
 65924 | Depths:5 | Reached skill level 15 in Long Blades
 65924 | Depths:5 | Reached skill level 15 in Axes
 65924 | Depths:5 | Reached skill level 15 in Maces & Flails
 65924 | Depths:5 | Reached skill level 15 in Staves
 65924 | Depths:5 | Reached skill level 15 in Slings
 65924 | Depths:5 | Reached skill level 15 in Bows
 65924 | Depths:5 | Reached skill level 15 in Crossbows
 65924 | Depths:5 | Reached skill level 15 in Throwing
 65924 | Depths:5 | Reached skill level 15 in Stealth
 65924 | Depths:5 | Reached skill level 15 in Shields
 65924 | Depths:5 | Reached skill level 15 in Unarmed Combat
 65924 | Depths:5 | Reached skill level 15 in Evocations
 65964 | Depths:5 | Identified the +0 scale mail of Indomitability {-Cast Str-5
                  | Dex+8} (You found it on level 5 of the Depths)
 66058 | Depths:5 | Received a gift from Okawaru
 67107 | Depths:5 | Reached XP level 24. HP: 177/190 MP: 41/42
 67457 | Depths:5 | Found a gate to the Realm of Zot.
 67972 | Vaults:3 | Killed wjh11's ghost
 68116 | Vaults:5 | Entered Level 5 of the Vaults
 68222 | Vaults:4 | Received a gift from Okawaru
 69106 | Vaults:4 | Received a gift from Okawaru
 69709 | Vaults:4 | Received a gift from Okawaru
 69943 | Vaults:5 | Received a gift from Okawaru
 70321 | Vaults:5 | Identified the ring of Tewaxzutz {rF+ rN+ MP+9 Dex+3}
 70357 | Vaults:5 | Received a gift from Okawaru
 70515 | Vaults:5 | Reached skill level 17 in Invocations
 70692 | Vaults:5 | Noticed Jory
 70696 | Vaults:5 | Identified the +4 great sword "Paren" {slice, Str+3 SInv}
 70713 | Vaults:5 | Killed Jory
 70909 | Vaults:5 | Reached XP level 25. HP: 186/197 MP: 34/43
 71093 | Vaults:5 | Received a gift from Okawaru
 71564 | Vaults:5 | Identified the +7 spear "Xirchu" {flame, +Inv Str+4 Dex+2}
 71821 | Vaults:5 | Identified the Tome of Flight and Augmentations
 71934 | Vaults:5 | Received a gift from Okawaru
 71951 | Vaults:5 | Identified the cursed +1 great sword of the Three Tables
                  | {drain, MR+} (You found it on level 5 of the Vaults)
 72099 | Vaults:5 | Got a silver rune of Zot
 72175 | Vaults:5 | Identified the cursed +2 quarterstaff of the Slime-mould
                  | {distort, rElec MR+ Dex-4 SInv}
 72175 | Vaults:5 | Identified the ring of Imoofuh {Str+3 Dex+7}
 72313 | Vaults:5 | Noticed an ancient lich
 72325 | Vaults:5 | Killed an ancient lich
 72325 | Vaults:5 | Received a gift from Okawaru
 73318 | Lair:6   | Found a staircase to the Slime Pits.
 73497 | Slime:1  | Entered Level 1 of the Pits of Slime
 73876 | Slime:1  | You fall through a shaft!
 74140 | Slime:2  | Learned a level 6 spell: Bolt of Fire
 74388 | Slime:2  | Gained mutation: You are somewhat resistant to further
                  | mutation. [a shining eye]
 74685 | Slime:2  | Gained mutation: Your magical capacity is low. (-10% MP) [a
                  | shining eye]
 75128 | Slime:2  | You fall through a shaft for 2 floors!
 75198 | Slime:3  | Noticed Dissolution
 75262 | Slime:5  | Entered Level 5 of the Pits of Slime
 75566 | Slime:5  | Found a viscous altar of Jiyva.
 75567 | Slime:5  | Found the +12 glaive of Prune {chop}
 75567 | Slime:5  | Noticed the Royal Jelly
 75703 | Slime:5  | Received a gift from Okawaru
 75978 | Slime:5  | Reached XP level 26. HP: 180/207 MP: 27/39
 76813 | Slime:5  | Killed the Royal Jelly
 76813 | Slime:5  | Reached skill level 15 in Charms
 77820 | Slime:5  | Got a brightly glowing wooden ring
 77822 | Slime:5  | Identified the ring of Ykuixtott {*Corrode rPois MR+ Str+3
                  | Stlth+} (You found it on level 5 of the Pits of Slime)
 77846 | Slime:5  | Got a coiled platinum ring
 77847 | Slime:5  | Identified the ring of Liberty {MR+ Stlth+} (You found it
                  | on level 5 of the Pits of Slime)
 77873 | Slime:5  | Got a slimy rune of Zot
 77875 | Slime:5  | Got a warped pewter amulet
 77876 | Slime:5  | Identified the amulet of Twilight {Acrobat Dex+3} (You
                  | found it on level 5 of the Pits of Slime)
 77932 | Slime:5  | Identified Sif Muna's Guide on the Ashen Voyage
 77970 | Slime:5  | Identified Muwesi Tasu's Reference Book on Dusty
                  | Transmigration
 77973 | Slime:5  | Identified the Reference Book on Venomous Flight
 79254 | Depths:4 | Voluntarily entered the Abyss.
 79444 | Abyss:1  | Paralysed by accursed screaming for 1 turns
 79927 | Abyss:1  | Identified the +10 chain mail of Dishonesty {-Tele rF+
                  | MR+++ Stlth+} (You found it on level 1 of the Abyss)
 80160 | Abyss:2  | Received a gift from Okawaru
 80495 | Abyss:2  | Received a gift from Okawaru
 80495 | Abyss:2  | Reached skill level 18 in Invocations
 80780 | Abyss:3  | Found a runed translucent door.
 80912 | Abyss:3  | Found a glowing golden altar of the Shining One.
 80942 | Abyss:3  | Received a gift from Okawaru
 80959 | Abyss:3  | Noticed a juggernaut
 80967 | Abyss:3  | Killed a juggernaut
 80971 | Abyss:3  | Got an abyssal rune of Zot
 81027 | Abyss:3  | Found a corrupted altar of Lugonu.
 81169 | Depths:4 | Escaped the Abyss
 81181 | Depths:4 | Got a vibrating glass ring
 81182 | Depths:4 | Identified the ring "Pudu" {rN+ MR+ Dex-4 Stlth+} (You
                  | acquired it on level 4 of the Depths)
 81339 | Zot:1    | Entered Level 1 of the Realm of Zot
 81347 | Zot:1    | You fall through a shaft!
 81378 | Zot:2    | You fall through a shaft!
 81444 | Zot:3    | Received a gift from Okawaru
 81675 | Zot:3    | Received a gift from Okawaru
 81963 | Zot:2    | Found a runed translucent door.
 81963 | Zot:2    | Noticed RadicalHijinx's ghost (legendary HuGl)
 82084 | Zot:2    | Received a gift from Okawaru
 82258 | Zot:1    | Reached XP level 27. HP: 190/215 MP: 39/40
 82762 | Zot:1    | Received a gift from Okawaru
 82765 | Zot:1    | Identified the -1 helmet of the Teacher {*Corrode rPois rF+
                  | Int+7} (Okawaru gifted it to you on level 1 of the Realm of
                  | Zot)
 85245 | Zot:2    | Killed RadicalHijinx's ghost
 85426 | Zot:2    | Received a gift from Okawaru
 85802 | Zot:3    | Reached skill level 15 in Conjurations
 85802 | Zot:3    | Reached skill level 15 in Hexes
 85802 | Zot:3    | Reached skill level 15 in Summonings
 85802 | Zot:3    | Reached skill level 15 in Necromancy
 85802 | Zot:3    | Reached skill level 15 in Translocations
 85802 | Zot:3    | Reached skill level 15 in Transmutations
 85802 | Zot:3    | Reached skill level 15 in Fire Magic
 85802 | Zot:3    | Reached skill level 15 in Ice Magic
 85802 | Zot:3    | Reached skill level 15 in Air Magic
 85802 | Zot:3    | Reached skill level 15 in Earth Magic
 85802 | Zot:3    | Reached skill level 15 in Poison Magic
 86828 | Zot:3    | Received a gift from Okawaru
 86831 | Zot:3    | Identified the +2 pair of boots of Duty {+Inv rPois rC-
                  | Dex+7} (Okawaru gifted it to you on level 3 of the Realm of
                  | Zot)
 87621 | Zot:3    | Learned a level 4 spell: Passage of Golubria
 88207 | Zot:3    | Reached skill level 19 in Invocations
 89072 | Zot:4    | Received a gift from Okawaru
 89570 | Zot:4    | Found a transporter.
 89689 | Zot:4    | Found a transporter.
 89950 | Zot:4    | Got a shimmering bronze amulet
 89951 | Zot:4    | Identified the amulet "Xarorghepn" {RegenMP rElec MR++
                  | Str+4 Stlth+} (You found it on level 4 of the Realm of Zot)
 89964 | Zot:4    | Got a coiled platinum ring
 89965 | Zot:4    | Identified the ring of the Present {Str+2 Stlth+} (You
                  | found it on level 4 of the Realm of Zot)
 90715 | Depths:1 | Bought a +1 helmet of see invisible for 379 gold pieces
 91264 | Elf:2    | Bought a scroll of enchant weapon for 217 gold pieces
 91264 | Elf:2    | Bought a leatherbound book for 435 gold pieces
 91701 | Crypt:1  | Entered Level 1 of the Crypt
 92878 | Crypt:1  | Identified the +10 scale mail of the Skies Above {Str+2}
                  | (You found it on level 1 of the Crypt)
 93413 | Crypt:2  | Noticed Boris
 93491 | Crypt:2  | Killed Boris
 93603 | Crypt:2  | Found a runed translucent door.
 93608 | Crypt:2  | Noticed Seon's ghost (adept MiFi)
 94561 | Crypt:2  | Received a gift from Okawaru
 94605 | Crypt:3  | Entered Level 3 of the Crypt
 94741 | Crypt:3  | Got a warped bronze ring
 94742 | Crypt:3  | Identified the ring of Miracles {Int+4 Slay+4} (You found
                  | it on level 3 of the Crypt)
 94872 | Crypt:3  | Received a gift from Okawaru
 95215 | Crypt:3  | Found a staircase to the Tomb.
 95641 | Crypt:3  | Found an ancient bone altar of Kikubaaqudgha.
 96233 | Crypt:3  | Identified the cursed +0 helmet of Wariness {rPois Int+3
                  | Dex-2 Stlth+} (You found it on level 3 of the Crypt)
 96348 | Crypt:3  | Found the +3 pair of gauntlets of War {Slay+5}
 96488 | Crypt:3  | Received a gift from Okawaru
 97434 | Zot:5    | Entered Level 5 of the Realm of Zot
 98248 | Zot:5    | Learned a level 2 spell: Passwall
 98313 | Zot:5    | Received a gift from Okawaru
 98600 | Zot:5    | Noticed an ancient lich
 98620 | Zot:5    | Learned a level 6 spell: Invisibility
 98701 | Zot:5    | Noticed an ancient lich
 98703 | Zot:5    | Noticed an orb of fire
 98715 | Zot:5    | Noticed an orb of fire
 98864 | Zot:5    | Noticed an orb of fire
 98868 | Zot:4    | Gained mutation: Your spells are a little easier to cast,
                  | but a little less powerful. [an orb of fire]
 98880 | Zot:4    | Killed an orb of fire
 99109 | Zot:5    | Noticed an ancient lich
 99122 | Zot:5    | Killed an ancient lich
 99220 | Zot:5    | Noticed an ancient lich
 99236 | Zot:5    | Killed an ancient lich
 99240 | Zot:5    | Noticed an orb of fire
 99560 | Zot:5    | Reached skill level 20 in Invocations
 99977 | Zot:5    | Noticed an ancient lich
 99979 | Zot:5    | Noticed an ancient lich
 99987 | Zot:5    | Gained mutation: Armour fits poorly on your strangely
                  | shaped body. [an orb of fire]
 99991 | Zot:5    | Gained mutation: You are frail. (-10% HP) [an orb of fire]
100242 | Zot:4    | Lost mutation: Armour fits poorly on your strangely shaped
                  | body. [potion of mutation]
100242 | Zot:4    | Lost mutation: Your magical capacity is low. (-10% MP)
                  | [potion of mutation]
100242 | Zot:4    | Lost mutation: You are frail. (-10% HP) [potion of
                  | mutation]
100242 | Zot:4    | Gained mutation: Your body sometimes deteriorates upon
                  | taking damage. [potion of mutation]
100388 | Zot:5    | Received a gift from Okawaru
100436 | Zot:5    | Killed an ancient lich
100578 | Zot:5    | Gained mutation: Scrolls take you a little longer to read.
                  | [an orb of fire]
100814 | Zot:4    | Killed an orb of fire
100878 | Zot:5    | Gained mutation: You are occasionally teleported next to
                  | monsters. [an orb of fire]
100895 | Zot:5    | Killed an orb of fire
101019 | Zot:5    | Lost mutation: Your spells are a little easier to cast, but
                  | a little less powerful. [potion of mutation]
101019 | Zot:5    | Lost mutation: Your body sometimes deteriorates upon taking
                  | damage. [potion of mutation]
101019 | Zot:5    | Gained mutation: You have a somewhat thin skeletal
                  | structure. (Dex +2, Stealth) [potion of mutation]
101019 | Zot:5    | Gained mutation: You have extremely sharp teeth. [potion of
                  | mutation]
101020 | Zot:5    | Lost mutation: You have extremely sharp teeth. [potion of
                  | mutation]
101020 | Zot:5    | Lost mutation: Scrolls take you a little longer to read.
                  | [potion of mutation]
101020 | Zot:5    | Lost mutation: You are somewhat resistant to further
                  | mutation. [potion of mutation]
101020 | Zot:5    | Lost mutation: You have a somewhat thin skeletal structure.
                  | (Dex +2, Stealth) [potion of mutation]
101020 | Zot:5    | Gained mutation: You are surrounded by a mild repulsion
                  | field. (EV +2) [potion of mutation]
101020 | Zot:5    | Gained mutation: You evolve. [potion of mutation]
101020 | Zot:5    | Gained mutation: You are dopey. (Int -2) [potion of
                  | mutation]
101020 | Zot:5    | Gained mutation: You have a pair of small horns on your
                  | head. [potion of mutation]
101021 | Zot:5    | Lost mutation: You are dopey. (Int -2) [potion of mutation]
101021 | Zot:5    | Lost mutation: You have a pair of small horns on your head.
                  | [potion of mutation]
101021 | Zot:5    | Lost mutation: You evolve. [potion of mutation]
101021 | Zot:5    | Lost mutation: You are occasionally teleported next to
                  | monsters. [potion of mutation]
101021 | Zot:5    | Gained mutation: Your system is resistant to poisons.
                  | (rPois) [potion of mutation]
101021 | Zot:5    | Gained mutation: You expend magic power (3 MP) to
                  | strengthen your wands. [potion of mutation]
101021 | Zot:5    | Gained mutation: Your skin changes colour to match your
                  | surroundings (Stealth+). [potion of mutation]
101021 | Zot:5    | Gained mutation: You have sharp toenails. [potion of
                  | mutation]
101051 | Zot:5    | Noticed an ancient lich
101068 | Zot:5    | Gained mutation: You do not regenerate when monsters are
                  | visible. [an orb of fire]
101122 | Zot:4    | Gained mutation: You are dopey. (Int -2) [an orb of fire]
101131 | Zot:4    | Killed an orb of fire
101241 | Zot:5    | Killed an ancient lich
101241 | Zot:5    | Received a gift from Okawaru
101319 | Zot:5    | Killed an ancient lich
101390 | Zot:5    | Received a gift from Okawaru
101403 | Zot:5    | Killed an ancient lich
101496 | Zot:5    | Noticed an ancient lich
101510 | Zot:5    | Killed an ancient lich
101619 | Zot:5    | Gained mutation: Armour fits poorly on your strangely
                  | shaped body. [mutagenic glow]
101623 | Zot:5    | Noticed an ancient lich
101644 | Zot:5    | Killed an ancient lich
102226 | Zot:5    | Noticed an ancient lich
102239 | Zot:5    | Killed an ancient lich
102239 | Zot:5    | Received a gift from Okawaru
102275 | Zot:5    | Identified the +0 large shield of Parts Unknown {rC++
                  | Stlth-} (Okawaru gifted it to you on level 5 of the Realm
                  | of Zot)
102720 | Zot:5    | Killed an ancient lich
103322 | Zot:5    | Got the Orb of Zot
103367 | Zot:5    | Noticed Gokhli the pandemonium lord
103407 | Zot:4    | Noticed Dunonuf the pandemonium lord
103495 | Depths:5 | Noticed Melaygge the pandemonium lord
103566 | Depths:3 | Noticed Quggoeg the pandemonium lord
103608 | Depths:2 | Lost mutation: You do not regenerate when monsters are
                  | visible. [potion of mutation]
103608 | Depths:2 | Lost mutation: You are surrounded by a mild repulsion
                  | field. (EV +2) [potion of mutation]
103608 | Depths:2 | Gained mutation: You have a pair of small horns on your
                  | head. [potion of mutation]
103608 | Depths:2 | Gained mutation: You have an increased reservoir of magic.
                  | (+10% MP) [potion of mutation]
103845 | D:6      | Noticed Ubis the pandemonium lord
103903 | D:5      | Noticed Yridisk the pandemonium lord
103909 | D:4      | HP: 6/222 [Yridisk the pandemonium lord/crystal spear (65)]
103914 | D:4      | Killed from afar by a hellion

Skill      XL: |  1  2  3  4  5  6  7  8  9 10 11 12 13 14 15 16 17 18 19 20 21 22 23 24 25 26 27 |
---------------+----------------------------------------------------------------------------------+-----
Spellcasting   | 5 6 7 8 9 10 11 12 13 14 15 16 17 19 | 19.5
Invocations    | 1 2 3 4 5 6 7 8 9 10 11 12 13 14 15 16 17 18 20 | 20.5
Short Blades   | 1 2 3 4 5 6 7 8 9 10 11 12 13 14 15 16 19 | 19.1
Long Blades    | 1 2 3 4 5 6 7 8 9 10 11 12 13 14 15 16 19 | 19.1
Axes           | 1 2 3 4 5 6 7 8 9 10 11 12 13 14 15 16 19 | 19.1
Maces & Flails | 1 2 3 4 5 6 7 8 9 10 11 12 13 14 15 16 19 | 19.1
Staves         | 1 2 3 4 5 6 7 8 9 10 11 12 13 14 15 16 19 | 19.1
Slings         | 1 2 3 4 5 6 7 8 9 10 11 12 13 14 15 16 19 | 19.1
Bows           | 1 2 3 4 5 6 7 8 9 10 11 12 13 14 15 16 19 | 19.1
Crossbows      | 1 2 3 4 5 6 7 8 9 10 11 12 13 14 15 16 19 | 19.1
Throwing       | 1 2 3 4 5 6 7 8 9 10 11 12 13 14 15 16 19 | 19.1
Stealth        | 1 2 3 4 5 6 7 8 9 10 11 12 13 14 15 16 19 | 19.1
Shields        | 1 2 3 4 5 6 7 8 9 10 11 12 13 14 15 16 19 | 19.1
Unarmed Combat | 1 2 3 4 5 6 7 8 9 10 11 12 13 14 15 16 19 | 19.1
Evocations     | 1 2 3 4 5 6 7 8 9 10 11 12 13 14 15 16 19 | 19.1
Conjurations   | 1 2 3 4 5 6 7 8 9 10 11 12 13 14 16 | 16.5
Hexes          | 1 2 3 4 5 6 7 8 9 10 11 12 13 14 16 | 16.5
Summonings     | 1 2 3 4 5 6 7 8 9 10 11 12 13 14 16 | 16.5
Necromancy     | 1 2 3 4 5 6 7 8 9 10 11 12 13 14 16 | 16.5
Translocations | 1 2 3 4 5 6 7 8 9 10 11 12 13 14 16 | 16.5
Transmutations | 1 2 3 4 5 6 7 8 9 10 11 12 13 14 16 | 16.5
Fire Magic     | 1 2 3 4 5 6 7 8 9 10 11 12 13 14 16 | 16.5
Ice Magic      | 1 2 3 4 5 6 7 8 9 10 11 12 13 14 16 | 16.5
Air Magic      | 1 2 3 4 5 6 7 8 9 10 11 12 13 14 16 | 16.5
Earth Magic    | 1 2 3 4 5 6 7 8 9 10 11 12 13 14 16 | 16.5
Poison Magic   | 1 2 3 4 5 6 7 8 9 10 11 12 13 14 16 | 16.5
Armour         | 3 4 5 6 7 8 9 10 11 12 13 14 15 16 17 19 | 19.2
Fighting       | 5 6 7 8 9 10 11 12 13 14 15 16 17 19 | 19.5
Polearms       | 5 6 7 8 9 10 11 12 13 14 15 16 17 19 | 19.5
Dodging        | 5 6 7 8 9 10 11 12 13 14 15 16 17 19 | 19.5
Charms         | 6 7 8 9 10 11 12 13 14 15 17 | 17.2

Action                   |  1- 3 |  4- 6 |  7- 9 | 10-12 | 13-15 | 16-18 | 19-21 | 22-24 | 25-27 || total
-------------------------+-------+-------+-------+-------+-------+-------+-------+-------+-------++-------
Melee: Dagger            |    42 |       |       |       |       |       |       |       |       ||    42
       Spear             |    39 |    27 |       |       |       |       |       |       |       ||    66
       Bite              |     6 |    24 |    25 |    61 |   226 |   354 |   426 |   430 |   884 ||  2436
       Short sword       |       |   115 |   222 |   554 |  1358 |  1559 |  1497 |       |       ||  5305
       Punch             |       |     2 |     4 |    17 |    55 |       |       |       |       ||    78
       Glaive            |       |       |       |       |       |    10 |       |       |       ||    10
       Triple sword      |       |       |       |       |       |    86 |       |       |       ||    86
       Demon whip        |       |       |       |       |       |       |   517 |  1607 |  3695 ||  5819
       Headbutt          |       |       |       |       |       |       |       |       |     4 ||     4
 Fire: Blowgun           |       |       |    15 |    12 |       |       |       |       |       ||    27
Throw: Tomahawk          |       |     1 |     7 |     2 |    30 |    76 |   101 |    69 |   271 ||   557
       Javelin           |       |       |       |       |       |       |       |       |     7 ||     7
 Cast: Infusion          |     2 |       |       |       |       |     1 |       |       |     1 ||     4
       Spectral Weapon   |     2 |    13 |    22 |    38 |   107 |   151 |    96 |    66 |   154 ||   649
       Regeneration      |     1 |     5 |     3 |     9 |    17 |    15 |    18 |    18 |    42 ||   128
       Confusing Touch   |       |       |    17 |    19 |    19 |     5 |       |       |       ||    60
       Apportation       |       |       |       |       |     4 |       |       |       |     9 ||    13
       Song of Slaying   |       |       |       |       |       |     5 |     4 |     4 |     3 ||    16
       Lesser Beckoning  |       |       |       |       |       |    52 |    86 |    73 |   127 ||   338
       Confuse           |       |       |       |       |       |    39 |    47 |    15 |    10 ||   111
       Summon Lightning  |       |       |       |       |       |    14 |    67 |    45 |    54 ||   180
       Summon Mana Viper |       |       |       |       |       |       |     1 |     3 |     7 ||    11
       Summon Demon      |       |       |       |       |       |       |       |    56 |    20 ||    76
       Bolt of Fire      |       |       |       |       |       |       |       |       |     5 ||     5
       Blink             |       |       |       |       |       |       |       |       |     3 ||     3
       Silence           |       |       |       |       |       |       |       |       |    18 ||    18
       Invisibility      |       |       |       |       |       |       |       |       |     2 ||     2
Invok: Heroism           |       |       |       |       |     1 |     5 |     1 |     1 |     7 ||    15
       Finesse           |       |       |       |       |     1 |     5 |     1 |     1 |     7 ||    15
 Abil: Evoke Blink       |       |       |       |     1 |       |       |       |       |       ||     1
Evoke: Wand              |       |       |     2 |     2 |     2 |     2 |     3 |       |     2 ||    13
       Lightning rod     |       |       |       |       |     2 |       |       |       |       ||     2
  Use: Scroll            |     2 |     5 |     4 |     6 |    14 |    17 |    14 |     8 |    44 ||   114
       Potion            |       |       |       |       |     2 |     4 |     1 |     1 |    16 ||    24
 Stab: Sleeping          |     2 |     6 |     1 |     3 |       |    14 |    25 |     5 |    45 ||   101
       Distracted        |       |     3 |     3 |     4 |    28 |    31 |    63 |    60 |    94 ||   286
       Confused          |       |       |     7 |     8 |    16 |    28 |    32 |    13 |       ||   104
       Held in net/web   |       |       |       |       |       |       |     3 |       |       ||     3
       Petrified         |       |       |       |       |       |       |       |       |     1 ||     1
       Invisible         |       |       |       |       |       |       |       |       |    47 ||    47
  Eat: Chunk             |     2 |    10 |    12 |    19 |    30 |    30 |    27 |    32 |    16 ||   178
       Ration            |       |       |       |     1 |     6 |     5 |     7 |     3 |    29 ||    51
Armor: Leather armour    |    12 |    24 |     2 |       |       |       |       |       |       ||    38
       Ring mail         |       |       |    52 |    20 |       |       |       |       |       ||    72
       Chain mail        |       |       |       |   137 |   575 |   598 |   276 |   325 |    65 ||  1976
       Robe              |       |       |       |       |     7 |       |       |       |       ||     7
       Swamp dragon scal |       |       |       |       |       |   110 |   122 |       |       ||   232
       Ice dragon scales |       |       |       |       |       |       |       |       |   734 ||   734
Dodge: Dodged            |    52 |   107 |   190 |   334 |   625 |   815 |   751 |   605 |  1506 ||  4985
Block: Large shield      |       |       |       |       |    99 |  1357 |  1436 |    24 |       ||  2916
       Buckler           |       |       |       |       |       |       |    69 |  1030 |  1865 ||  2964
       Reflection        |       |       |       |       |       |       |     3 |   128 |   148 ||   279
       Rpst.: Triple sword |       |       |       |       |       |    19 |       |       |       ||    19
